Map: Beckett Industries LE

Players

Bistork

  • Race: Protoss Protoss

Nice - Winner!

  • Race: Protoss Protoss

Event: DreamHack SC2 Masters 2021 Summer

VOD

Have the link to the VOD?

Description

Time

  • Played on: May 19, 2021, 7:51 a.m.
  • Length: 3:33

All games in this series

Show
View Real Time Build Order
Export as new Build Order

Bistork Protoss 

Build Orders:  

Get SALT Encoding   

  12  0:00  Probe  
  13  0:12  Probe  
  14  0:24  Probe  
  15  0:29  Pylon  
  15  0:47  Gateway  
  15  0:48  Gateway  
  15  0:57  Forge  
  15  1:03  Probe  
  16  1:19  Pylon  
  15  1:30  Probe  
  16  1:34  Zealot x2 (Chrono Boost)  
  20  1:42  Photon Cannon  
  20  1:57  Photon Cannon  
  23  2:01  Zealot x2  
  23  2:06  Photon Cannon  
  23  2:14  Photon Cannon  
  23  2:22  Probe (Chrono Boost)  
  24  2:26  Assimilator  
  24  2:30  Assimilator  
  24  2:44  Probe  
  19  2:56  Probe  
Show
View Real Time Build Order
Export as new Build Order

Nice Protoss - Winner!

Build Orders:  

Get SALT Encoding   

  12  0:00  Probe  
  13  0:12  Probe  
  14  0:17  Pylon  
  14  0:24  Probe  
  15  0:36  Probe (Chrono Boost)  
  15  0:39  Gateway  
  16  0:48  Probe (Chrono Boost)  
  17  0:50  Assimilator  
  17  1:00  Forge  
  17  1:10  Pylon  
  17  1:12  Probe  
  18  1:24  Zealot (Chrono Boost)  
  18  1:30  Cybernetics Core  
  20  1:39  Photon Cannon  
  20  1:45  Probe  
  21  1:51  Pylon  
  21  2:00  Probe  
  22  2:13  Probe, Stalker (Chrono Boost)  
  23  2:15  Assimilator  
  25  2:24  Shield Battery  
  25  2:28  Probe  
  26  2:40  Probe  
  27  2:52  Probe  
  27  2:55  Stargate  
  28  2:58  Pylon  
  28  3:04  Probe  
  28  3:05  Pylon  
  29  3:17  Shield Battery  
Tags
 
Add a new tag
Caveats
  • Supply blocks, unpowered buildings, or Contaminate may cause inaccurate times.
  • Supply counts are checked every 10 seconds.